 Dungeon Crawl Stone Soup version 0.27-a0-1193-g8631133539 (webtiles) character file.

Game seed: 12881654760059716716

3014 punchyfish the Fighter (level 9, -6/54 HPs)
             Began as an Octopode Chaos Knight on May 25, 2021.
             Was a Plaything of Xom.
             Shot with a bolt by an orc warrior (18 damage)
             ... in a bailey.
             The game lasted 00:11:39 (9256 turns).

punchyfish the Fighter (Octopode Chaos Knight)      Turns: 9256, Time: 00:11:40

Health: -6/54      AC:  1    Str: 12    XL:     9   Next: 85%
Magic:  9/9        EV: 29    Int: 15    God:    Xom [......]
Gold:   149        SH:  9    Dex: 13    Spells: 5/8 levels left

rFire    . . .     SeeInvis .   a - +0 short sword (chaos)
rCold    . . .     Faith    .   l - +0 kite shield
rNeg     . . .     Spirit   .   (helmet restricted)
rPois    +         Reflect  .   m - amulet of the acrobat
rElec    .         Harm     .   (no ring)
rCorr    .         Rampage  .   (no ring)
Will     .....                  (no ring)
Stlth    +++.......             (no ring)
HPRegen  0.18/turn              (no ring)
MPRegen  0.11/turn              (no ring)
                                (no ring)
                                (no ring)

@: acrobatic
A: almost no armour, amphibious, 8 rings, camouflage 2, gelatinous body 1,
(nimble swimmer 1), tentacles, tentacle spike 2, frail 2, high mp 1, poison
resistance
a: Renounce Religion


You were in a bailey.
You worshipped Xom.
You were a very special plaything of Xom.
You visited 2 branches of the dungeon, and saw 8 of its levels.
You also visited: Bailey.

You collected 233 gold pieces.
You spent 84 gold pieces at shops.

Inventory:

Hand Weapons
 a - a +0 short sword of chaos (weapon)
 s - a +0 whip of electrocution
 t - a +0 war axe
 w - a +1 flail of chaos
 y - a +1 antimagic hand axe
 B - a +1 whip of flaming
Missiles
 o - 15 poisoned darts (quivered)
 v - 7 atropa-tipped darts
 x - 5 javelins
Armour
 l - a +0 kite shield (worn)
Jewellery
 m - an amulet of the acrobat (around mantle)
Wands
 n - a wand of digging (6) {@v3}
 r - a wand of polymorph (2)
 C - a wand of flame (4)
Scrolls
 b - a scroll of holy word {unknown}
 c - a scroll of blinking {@r4}
 e - a scroll of enchant armour {unknown}
 h - a scroll of vulnerability {unknown}
 i - a scroll of noise
 k - a scroll of teleportation {@r3}
 p - a scroll of immolation
 E - a scroll of fog {unknown}
Potions
 f - 2 potions of lignification {unknown}
 g - 3 potions of brilliance {unknown}
 j - a potion of flight {unknown}
 q - 3 potions of might {@q3}
 z - a potion of attraction {unknown}
 A - a potion of degeneration {unknown}
 D - a potion of haste {unknown}


   Skills:
 - Level 9.0 Fighting
 - Level 3.0 Short Blades
 + Level 7.2 Dodging
 + Level 5.3 Shields
 - Level 6.0 Evocations


You had 5 spell levels left.
You knew the following spells:

 Your Spells              Type           Power      Damage    Failure   Level
a - Passwall              Tmut/Erth      0%         N/A       80%         2
b - Animate Skeleton      Necr           0%         N/A       67%         1

Your spell library contained the following spells:

 Spells                   Type           Power      Damage    Failure   Level
 Pain                     Necr           0%         1d4       67%         1
 Sandblast                Erth           0%         2d4       67%         1
 Stone Arrow              Conj/Erth      0%         3d7       95%         3
 Vampiric Draining        Necr           0%         2d6       95%         3
 Animate Dead             Necr           0%         N/A       100%        4
 Petrify                  Tmut/Erth      0%         N/A       100%        4
 Agony                    Necr           0%         N/A       100%        5
 Lee's Rapid Deconstruct  Erth           0%         3d5*      100%        5


Dungeon Overview and Level Annotations

Branches:
Dungeon (7/15)             Temple (1/1) D:5          Bailey (1/1)

Altars:
Ashenzari
Dithmenos
Elyvilon
Fedhas
Gozag
Hepliaklqana
Makhleb
Nemelex Xobeh
Okawaru
Qazlal
Ru
Sif Muna
Uskayaw
Xom
Yredelemnul
Zin
The Shining One

Shops:
D:3 *   D:4 =   D:7 ?

Portals:
Bailey: D:7

Annotations:
D:4 exclusion: phantom, Grinder


Innate Abilities, Weirdness & Mutations

You cannot wear most types of armour.
You are amphibious.
You can wear up to eight rings at the same time.
Your skin blends seamlessly with your surroundings (Stealth++).
Your rubbery body absorbs attacks. (AC +1, EV +1)
((You are camouflaged near water. (Stealth+)))
You have tentacles for arms and can constrict up to eight enemies at once.
One of your tentacles bears a nasty spike.
You are very frail. (-20% HP)
You have an increased reservoir of magic. (+10% MP)
Your system is resistant to poisons. (rPois)


Message History

Aim: a howler monkey zombie (88% to hit)
The puff of flame hits the howler monkey zombie!
Aiming: Throw Flame
Aim: a howler monkey zombie (moderately damaged, 88% to hit)
The puff of flame hits the howler monkey zombie!
Aiming: Throw Flame
Aim: a howler monkey zombie (almost destroyed, 88% to hit)
The puff of flame hits the howler monkey zombie!
You destroy the howler monkey zombie!
Aiming: Throw Flame
Aim: a scorpion (74% to hit)
The puff of flame hits the scorpion.
You hit the scorpion but do no damage.
The scorpion suddenly seems more agile.
Your grab misses the scorpion. Your squeeze misses the scorpion.
You block the scorpion's attack. The scorpion barely misses you.
You hit the scorpion but do no damage. Your grab misses the scorpion.
The scorpion barely misses you.
You hit the scorpion but do no damage.
The scorpion is poisoned.
You grab the scorpion.
You constrict the scorpion, but do no damage.
You block the scorpion's attack.
You hit the scorpion.
You pierce the scorpion.
You constrict the scorpion.
You kill the scorpion!
Found a robe.
You see here a scorpion corpse.
Found a stone staircase leading up.
A black bear comes into view.
The flagged portal slides away as you move beside it!
You can't go down here!
There is a flagged portal here.
The world spins around you as you enter the gateway.
You enter a bailey! 3 orcs, 2 orc warriors and an orc knight come into view.
The orc warrior shouts!
You hear a shout! x2
Found two gates leading back out of this place.
There is an empty arch of ancient stone here.
The gate leading back out of this place slides away as you move beside it!
The orc warrior shoots a bolt.
The bolt hits you!!
You die...
Xom guffaws!

#### ##∩## ####
.o..##...##..o.
≈≈≈..#...#..≈≈≈
≈o≈≈.......≈≈o≈
o≈.......≈o
....... #...#
#.∩.# ##@## ###


You could see 2 orc warriors.

Vanquished Creatures
  Pikel (D:6)
  Menkaure (D:6)
  2 water moccasins
  A sky beast (D:6)
  A black bear (D:6)
  A centaur (D:5)
  4 ogres
  2 lemures (D:6)
  A bullfrog (D:7)
  5 scorpions
  Dowan (D:6)
  A water moccasin zombie (D:5)
  A centaur zombie (D:7)
  3 bullfrog zombies
  A hound (D:6)
  A jelly (D:6)
  2 orc priests
  3 bullfrog skeletons
  2 iguanas (D:5)
  Ijyb (D:4)
  2 orc wizards
  A howler monkey zombie (D:7)
  9 gnolls
  7 adders
  2 howler monkey skeletons
  An adder skeleton (D:4)
  2 worms
  6 dart slugs
  25 orcs
  6 ball pythons
  7 endoplasms
  4 giant cockroaches
  8 goblins
  7 hobgoblins
  7 jackals (D:3)
  2 kobolds (D:4)
  6 quokkas
  3 bats
  2 frilled lizards
  6 rats
148 creatures vanquished.

Vanquished Creatures (collateral kills)
  A sea snake (shapeshifter) (D:5)
  An ogre (D:5)
  An ice beast (D:5)
  A bullfrog skeleton (D:5)
  An adder (D:5)
  A shadow imp (D:5)
  2 orcs
8 creatures vanquished.

Grand Total: 156 creatures vanquished

Notes
Turn   | Place    | Note
-------+----------+-------------------------------------------
     0 | D:1      | punchyfish the Octopode Chaos Knight began the quest for
                  | the Orb.
     0 | D:1      | Reached XP level 1. HP: 16/16 MP: 1/1
     3 | D:1      | XOM: silly message
   222 | D:1      | Reached XP level 2. HP: 21/21 MP: 2/2
   319 | D:1      | Found a faded altar of an unknown god.
   443 | D:1      | XOM: silly message
   578 | D:1      | Reached XP level 3. HP: 27/27 MP: 3/3
   844 | D:2      | Reached skill level 4 in Fighting
   885 | D:2      | XOM: divination: magic mapping
   975 | D:2      | Found a hide-covered altar of Uskayaw.
   993 | D:2      | XOM: silly message
  1347 | D:2      | Reached XP level 4. HP: 31/33 MP: 4/4
  1416 | D:2      | XOM: cloud trail
  1560 | D:2      | XOM: god gift: tapered silver wand {god gift}
  1923 | D:2      | XOM: god gift: 65 gold pieces
  1964 | D:2      | XOM: silly message
  2188 | D:3      | Reached XP level 5. HP: 21/38 MP: 5/5
  2282 | D:2      | XOM: scenery: 1 doors close
  2499 | D:3      | XOM: summons 2 friendly demons
  2501 | D:3      | Reached skill level 5 in Fighting
  2823 | D:2      | XOM: silly message
  2870 | D:2      | XOM: silly message
  2953 | D:3      | XOM: smoke on damage
  2956 | D:3      | Reached XP level 6. HP: 28/46 MP: 6/6
  2959 | D:3      | HP: 2/46 [quokka (3)]
  3374 | D:3      | XOM: silly message
  3375 | D:3      | Found Fadomyq's General Store.
  3379 | D:3      | Bought a potion of curing for 36 gold pieces
  3379 | D:3      | Bought a potion of might for 48 gold pieces
  3716 | D:4      | Noticed Ijyb
  3723 | D:4      | XOM: silly message
  3726 | D:4      | Killed Ijyb
  3798 | D:4      | Noticed Grinder
  3901 | D:4      | Reached skill level 1 in Evocations
  3965 | D:4      | Reached skill level 6 in Fighting
  4058 | D:4      | XOM: 2-stop teleportation journey
  4233 | D:4      | Found Ontesch's Jewellery Shoppe.
  4268 | D:4      | Noticed a water moccasin
  4275 | D:4      | Killed a water moccasin
  4276 | D:4      | Reached XP level 7. HP: 35/53 MP: 7/7
  4519 | D:4      | XOM: summons 4 hostile shadow creatures
  4564 | D:4      | XOM: 6-stop teleportation journey
  4574 | D:4      | XOM: draining
  6212 | D:5      | Entered Level 5 of the Dungeon
  6216 | D:5      | Found a staircase to the Ecumenical Temple.
  6243 | D:5      | XOM: noise
  6254 | D:5      | XOM: chaos upgrade
  6263 | D:5      | XOM: divination: detect items
  6265 | Temple   | Entered the Ecumenical Temple
  6367 | Temple   | XOM: 4-stop teleportation journey
  6414 | Temple   | XOM: god gift: 7 atropa-tipped darts
  6523 | Temple   | XOM: god gift: 5 javelins
  6604 | D:5      | Noticed a glowing shapeshifter
  6604 | D:5      | a gnoll changed into a glowing shapeshifter
  6604 | D:5      | Noticed a shock serpent
  6604 | D:5      | a glowing shapeshifter changed into a shock serpent
  6615 | D:5      | Killed a sea snake
  6616 | D:5      | Reached skill level 7 in Fighting
  6616 | D:5      | Reached skill level 5 in Dodging
  6616 | D:5      | Reached XP level 8. HP: 56/60 MP: 8/8
  6638 | D:5      | XOM: noise
  6642 | D:5      | Reached skill level 5 in Evocations
  6787 | D:5      | XOM: summons 5 hostile demons
  6788 | D:5      | Noticed a soul eater
  6901 | D:5      | XOM: stat loss: -1 Dex (11/12)
  7008 | D:5      | XOM: smoke on damage
  7134 | D:4      | XOM: summons 5 hostile demons
  7191 | D:5      | XOM: 1-stop teleportation journey
  7237 | D:5      | XOM: give mutations
  7237 | D:5      | Gained mutation: Your system is resistant to poisons.
                  | (rPois) [Xom's mischief]
  7237 | D:5      | Gained mutation: Your skin blends seamlessly with your
                  | surroundings (Stealth++). [Xom's mischief]
  7237 | D:5      | Gained mutation: You are frail. (-10% HP) [Xom's mischief]
  7364 | D:5      | XOM: summons 1 hostile demon
  7608 | D:5      | XOM: give mutations
  7608 | D:5      | Gained mutation: One of your tentacles bears a spike.
                  | [Xom's mischief]
  7608 | D:5      | Gained mutation: You have an increased reservoir of magic.
                  | (+10% MP) [Xom's mischief]
  7608 | D:5      | Gained mutation: One of your tentacles bears a nasty spike.
                  | [Xom's mischief]
  7612 | D:5      | Reached skill level 8 in Fighting
  7767 | D:5      | Learned a level 2 spell: Passwall
  7769 | D:5      | Learned a level 1 spell: Animate Skeleton
  7788 | D:6      | XOM: enchant monster (bad)
  7823 | D:6      | Reached XP level 9. HP: 57/60 MP: 9/9
  7866 | D:6      | XOM: noise
  7871 | D:6      | Reached skill level 1 in Shields
  7976 | D:6      | Noticed Pikel
  7982 | D:6      | Killed Pikel
  8348 | D:6      | XOM: noise
  8512 | D:6      | XOM: 2-stop teleportation journey
  8667 | D:6      | Noticed Duvessa
  8669 | D:6      | Noticed Dowan
  8671 | D:6      | Noticed Duvessa
  8671 | D:6      | Duvessa changed into Duvessa the ogre
  8674 | D:6      | Killed Duvessa the ogre
  8675 | D:6      | Reached skill level 9 in Fighting
  8686 | D:6      | Killed Dowan
  8988 | D:6      | Noticed Menkaure
  8993 | D:6      | Killed Menkaure
  9000 | D:6      | XOM: give mutation
  9000 | D:6      | Gained mutation: You are very frail. (-20% HP) [Xom's
                  | mischief]
  9094 | D:6      | XOM: silly message
  9177 | D:7      | Reached skill level 5 in Shields
  9190 | D:7      | XOM: 2-stop teleportation journey
  9202 | D:7      | Found Terphon's Magic Scroll Shoppe.
  9206 | D:7      | HP: 1/54 [swamp drake (10)]
  9231 | D:7      | Found a flagged portal.
  9237 | D:7      | XOM: repel stairs
  9255 | Bailey   | Entered a bailey
  9255 | Bailey   | Noticed an orc knight
  9256 | Bailey   | Shot with a bolt by an orc warrior

Illustrated notes

Levels and vault maps discovered:
D:1:      scummos_arrival_forest, layout_rooms,
          hellmonk_ecumenical_altar_inner_sanctum, serial_rivers,
          chequers_serial_rivers_micro_a, chequers_serial_rivers_marsh,
          chequers_serial_rivers_large_b, chequers_serial_rivers_micro_d,
          chequers_serial_rivers_small_3
D:2:      layout_basic, basic_altar, grunt_ministairs_5
D:3:      wander_river, layout_basic, serial_shops, shop
D:4:      layout_gridville, serial_shops, shop, corexii_leaking_fountain,
          st_stairs_3, chequers_serial_rivers_room_b, hex_tiny, uniq_ijyb,
          uniq_grinder
D:5:      minmay_razor_zed, layout_loops_cross, minmay_temple_entry_ruins
D:6:      layout_loops_corners, kennysheep_cross_room, serial_park_tiny_1,
          uniq_menkaure, uniq_pikel, uniq_duvessa
D:7:      layout_basic, enter_bailey_2, serial_shops, nicolae_shop_behind_doors
Temple:   grunt_wide_crystal_templ
Bailey:   bailey_polearm_4, bailey

Skill      XL: |  1  2  3  4  5  6  7  8  9 |
---------------+----------------------------+-----
Fighting       | 4 5 6 7 8 9 |  9.0
Dodging        | 3 4 5 7 |  7.2
Evocations     | 2 4 5 6 |  6.0
Shields        | 5 |  5.3
Short Blades   | |  3.0

Action                   |  1- 3 |  4- 6 |  7- 9 || total
-------------------------+-------+-------+-------++-------
Melee: Short sword       |    54 |   183 |   218 ||   455
       Constrict         |    11 |    42 |    48 ||   101
       Tentacles         |     8 |    31 |    44 ||    83
       Kick              |       |       |    36 ||    36
Throw: Javelin           |       |       |     4 ||     4
       Dart              |       |       |     6 ||     6
Evoke: Wand              |       |       |    23 ||    23
  Use: Potion            |       |     2 |     1 ||     3
       Scroll            |       |       |     8 ||     8
 Stab: Sleeping          |    11 |     5 |     7 ||    23
       Confused          |       |     1 |       ||     1
       Paralysed         |       |       |     6 ||     6
Armor: Skin              |     1 |     7 |    13 ||    21
Dodge: Dodged            |    18 |   105 |   213 ||   336
Block: Kite shield       |       |       |     4 ||     4

Table legend: (Time is in decaauts)
 A = Elapsed time spent in this place.
 B = Non-inter-level travel time spent in this place.
 C = Inter-level travel time spent in this place.
 D = Time resting spent in this place.
 E = Time spent auto-exploring this place.
 F = Levels seen in this place.
 G = Mean time per level.
                   A        B        C        D        E       F      G
               +--------+--------+--------+--------+--------+-----+--------+
         Total |   9243 |   8974 |    269 |   3757 |   3679 |   9 | 1027.0 |
       Dungeon |   8947 |   8687 |    260 |   3486 |   3679 |   7 | 1278.1 |
        Temple |    295 |    286 |      9 |    271 |      0 |   1 |  295.0 |
        Bailey |      0 |      0 |      0 |      0 |      0 |   1 |    0.0 |
               +--------+--------+--------+--------+--------+-----+--------+

Top non-repeatable levels by time:
     D:4: 2223 daAuts
     D:3: 1726 daAuts
     D:2: 1535 daAuts
     D:6: 1363 daAuts
     D:5: 1155 daAuts
     D:1: 823 daAuts
  Temple: 295 daAuts
     D:7: 120 daAuts
  Bailey: 0 daAuts
